 Dungeon Crawl Stone Soup version 0.29.1-2-gbd0b4ee654 (webtiles) character file.

Game seed: 6090062623251184026

1228 xian the Covert (level 8, -5/51 HPs)
             Began as an Octopode Enchanter on Nov 6, 2022.
             Slain by a sky beast (6 damage)
             ... on level 6 of the Dungeon.
             The game lasted 00:23:07 (5977 turns).

xian the Covert (Octopode Enchanter)                Turns: 5977, Time: 00:23:08

Health: -5/51      AC:  1    Str:  9    XL:     8   Next: 48%
Magic:  10/13      EV: 14    Int: 18    God:
Gold:   301        SH:  0    Dex: 12    Spells: 6/14 levels left

rFire   . . .      SeeInvis .   a - +1 dagger
rCold   . . .      Faith    +   (no shield)
rNeg    . . .      Spirit   .   (helmet restricted)
rPois   .          Reflect  .   k - amulet of faith
rElec   .          Harm     .   (no ring)
rCorr   .          Rampage  .   (no ring)
Will    .....                   (no ring)
Stlth   +++++.....              (no ring)
HPRegen 0.17/turn               (no ring)
MPRegen 0.13/turn               (no ring)
                                (no ring)
                                (no ring)

@: invisible
A: almost no armour, amphibious, 8 rings, camouflage 1, gelatinous body 1,
(nimble swimmer 1), tentacles
a: no special abilities


You were on level 6 of the Dungeon.
You visited 1 branch of the dungeon, and saw 6 of its levels.

You collected 301 gold pieces.

Inventory:

Hand Weapons
 a - a +1 dagger (weapon)
Missiles
 t - 12 poisoned darts (quivered)
 v - 6 curare-tipped darts
 w - 3 boomerangs
Jewellery
 k - an amulet of faith (around mantle)
Wands
 r - a wand of flame (15)
 y - a wand of iceblast (4)
Scrolls
 c - 3 scrolls of blinking {unknown}
 d - a scroll of noise {unknown}
 e - 7 scrolls of identify {unknown}
 f - 3 scrolls of immolation {unknown}
 h - a scroll of enchant armour {unknown}
 i - 2 scrolls of teleportation {unknown}
 l - 2 scrolls of fear {unknown}
 n - a scroll of summoning {unknown}
 p - a scroll of vulnerability {unknown}
 s - a scroll of enchant weapon {unknown}
 x - a scroll of butterflies {unknown}
 z - a scroll of poison {unknown}
Potions
 b - 2 potions of invisibility
 g - 2 potions of mutation {unknown}
 j - a potion of lignification {unknown}
 m - 2 potions of brilliance {unknown}
 o - a potion of curing {unknown}
 q - a potion of ambrosia {unknown}
 u - a potion of degeneration {unknown}


   Skills:
 + Level 2.4 Fighting
 + Level 4.2 Short Blades
 + Level 3.4 Dodging
 + Level 9.2 Stealth
 + Level 3.5 Spellcasting
 + Level 4.6 Hexes
 + Level 2.2 Ice Magic


You had 6 spell levels left.
You knew the following spells:

 Your Spells              Type           Power      Damage    Failure   Level
a - Ensorcelled Hibernat  Hex/Ice        30%        N/A       5%          2
b - Confusing Touch       Hex            19%        N/A       7%          3
c - Tukima's Dance        Hex            19%        N/A       7%          3

Your spell library contained the following spells:

 Spells                   Type           Power      Damage    Failure   Level
 Beastly Appendage        Tmut           6%         N/A       16%         1
 Dazzling Flash           Conj/Hex       22%        N/A       19%         3
 Wereblood                Tmut           3%         N/A       24%         2
 Spider Form              Tmut/Pois      3%         N/A       43%         3
 Corpse Rot               Necr/Pois/Air  3%         N/A       83%         4
 Dispel Undead            Necr           3%         3d7       83%         4
 Death Channel            Necr           1%         N/A       100%        6


Dungeon Overview and Level Annotations

Branches:
Dungeon (6/15)
 Temple: D:4-7

Altars:
Ashenzari
Elyvilon
Hepliaklqana
Okawaru
Wu Jian
Xom


Innate Abilities, Weirdness & Mutations

You cannot wear most types of armour.
You are amphibious.
You can wear up to eight rings at the same time.
Your skin changes colour to match your surroundings (Stealth+).
Your rubbery body absorbs attacks. (AC +1, EV +1)
((You are camouflaged when in or above water. (Stealth+)))
You have tentacles for arms and can constrict up to eight enemies at once.


Message History

Deactivating autopickup; reactivate with Ctrl-A.
The orc shouts!
You closely miss something.
A sky beast appears from thin air!
Reactivating autopickup.
The sky beast misses you.
Casting: Ensorcelled Hibernation (safe; 5% risk of failure)
Confirm with . or Enter, or press ? or * to list all spells.
Aiming: Ensorcelled Hibernation (safe; 5% risk of failure)
Press: ? - help, Shift-Dir - straight line, f - sky beast
Aim: a sky beast (rain, chance to affect: 49%)
The sky beast resists with some effort.
The sky beast flickers out of sight!
Deactivating autopickup; reactivate with Ctrl-A.
Something hits you. Something shocks you.
Casting: Ensorcelled Hibernation (safe; 5% risk of failure)
Confirm with . or Enter, or press ? or * to list all spells.
You can't see any susceptible monsters within range! (Use Z to cast anyway.)
Casting: Ensorcelled Hibernation (safe; 5% risk of failure)
Confirm with . or Enter, or press ? or * to list all spells.
Aiming: Ensorcelled Hibernation (safe; 5% risk of failure)
Press: ? - help, Shift-Dir - straight line Nothing appears to happen.
You hit something but do no damage. You hit something.
Your squeeze misses something. Something hits you. Something shocks you.
You closely miss something. Something hits you. Something shocks you.
Something barely misses you. Something hits you. Something shocks you.
Something hits you.
* * * LOW HITPOINT WARNING * * *
Something shocks you.
* * * LOW HITPOINT WARNING * * *
Something hits you.
* * * LOW HITPOINT WARNING * * *
Something shocks you.
* * * LOW HITPOINT WARNING * * *
You fade into invisibility!
Something hits you.
* * * LOW HITPOINT WARNING * * *
Something shocks you.
You die...

######## ### .......
#.. #..... #.# #...#
#.# #..### #
####.###.##)## ...#
#..@.....8.$$#._..#
#.#####.....$#....# #
#....~$#....# ... #.
##.8..$#._..# .... ..#
#.##.## ...# .....#.#
#..### ⌠.# #...#.#
#...#####+##
#)..#.#######.........
#...................#


There were no monsters in sight!

Vanquished Creatures
  An ice beast (D:5)
  4 ogres
  A kobold brigand (D:5)
  4 scorpions
  2 hounds
  An orc priest (D:5)
  4 iguanas
  Ijyb (D:5)
  An orc wizard (D:6)
  7 gnolls
  6 adders
  An ufetubus (D:4)
  2 worms
  5 dart slugs
  13 orcs
  11 ball pythons
  4 bats
  5 endoplasms
  3 giant cockroaches (D:3)
  6 goblins
  5 hobgoblins
  5 jackals
  7 kobolds
  A quokka (D:3)
  4 frilled lizards
  6 rats
110 creatures vanquished.

Notes
Turn   | Place    | Note
-------+----------+-------------------------------------------
     0 | D:1      | xian the Octopode Enchanter began the quest for the Orb.
     0 | D:1      | Reached XP level 1. HP: 11/11 MP: 3/3
   255 | D:1      | Reached XP level 2. HP: 8/17 MP: 5/5
   260 | D:1      | Learned a level 2 spell: Ensorcelled Hibernation
  1114 | D:2      | Found a shimmering altar of Xom.
  1236 | D:2      | Reached XP level 3. HP: 21/21 MP: 6/6
  2058 | D:3      | Reached skill level 5 in Stealth
  2058 | D:3      | Reached XP level 4. HP: 27/27 MP: 7/7
  2095 | D:3      | Found a faded altar of an unknown god.
  2178 | D:3      | Noticed a scorpion
  2185 | D:3      | Killed a scorpion
  2186 | D:3      | Reached XP level 5. HP: 31/31 MP: 8/8
  2190 | D:3      | Learned a level 3 spell: Confusing Touch
  2194 | D:3      | Learned a level 3 spell: Tukima's Dance
  2490 | D:3      | Reached skill level 1 in Fighting
  2712 | D:3      | Found a white marble altar of Elyvilon.
  2894 | D:4      | Reached skill level 6 in Stealth
  2970 | D:3      | Reached XP level 6. HP: 15/38 MP: 3/9
  3304 | D:4      | Reached skill level 7 in Stealth
  3933 | D:4      | Reached skill level 1 in Ice Magic
  3933 | D:4      | Reached XP level 7. HP: 43/43 MP: 9/11
  4224 | D:5      | Entered Level 5 of the Dungeon
  4298 | D:5      | Reached skill level 8 in Stealth
  4487 | D:5      | Found an iron altar of Okawaru.
  4498 | D:5      | Reached XP level 8. HP: 15/50 MP: 9/12
  5597 | D:5      | Found a broken altar of Ashenzari.
  5598 | D:5      | Noticed Ijyb
  5625 | D:5      | Killed Ijyb
  5632 | D:5      | Reached skill level 9 in Stealth
  5955 | D:6      | Found a hazy altar of Hepliaklqana.
  5957 | D:6      | Found an ornate altar of the Wu Jian Council.
  5977 | D:6      | HP: 1/51 [something (2)]
  5977 | D:6      | Slain by a sky beast

Illustrated notes

Levels and vault maps discovered:
D:1:      lemuel_arrival_river_ford, layout_basic
D:2:      layout_basic, basic_altar, kennysheep_generic_room_4
D:3:      layout_rooms, nicolae_elyvilon_peaceful_grove,
          chequers_ecumenical_altar_island, dk_noncrumbling_3
D:4:      layout_cave_pools, minmay_bent
D:5:      layout_loops_ring, mainiacjoe_overflow_small_starburst,
          ashenzari_conservatory_becter, uniq_ijyb
D:6:      layout_rooms, jmf_multi_god_temple, nicolae_ru_awakened_eye,
          mainiacjoe_overflow_surrounded_room, st_stairs_2, uniq_eustachio,
          uniq_grinder, uniq_crazy_yiuf_cottage

Skill      XL: |  1  2  3  4  5  6  7  8 |
---------------+-------------------------+-----
Stealth        | 5 6 7 8 9 |  9.2
Short Blades   | 2 3 4 |  4.2
Fighting       | 1 2 |  2.4
Hexes          | 4 |  4.6
Ice Magic      | 1 2 |  2.2
Dodging        | 3 |  3.4
Spellcasting   | 3 |  3.5

Action                   |  1- 3 |  4- 6 |  7- 9 || total
-------------------------+-------+-------+-------++-------
Melee: Dagger            |    67 |   103 |    71 ||   241
       Constrict         |    14 |    23 |     8 ||    45
       Tentacles         |     8 |    14 |    13 ||    35
       Punch             |     2 |     1 |     1 ||     4
 Cast: Ensorcelled Hiber |     1 |    16 |    21 ||    38
       Confusing Touch   |       |       |     1 ||     1
  Use: Potion            |       |       |     2 ||     2
 Stab: Sleeping          |    11 |    17 |    19 ||    47
       Confused          |       |       |     1 ||     1
Armor: Skin              |     5 |    10 |     1 ||    16
Dodge: Dodged            |    37 |    65 |    35 ||   137
